 Dungeon Sprint DCSS version 0.19-a0-1490-g5dd3618 (webtiles) character file.

434 poirepourri the Covert (level 6, -14/28 HPs)
             Began as a Spriggan Enchanter on Sept 8, 2016.
             Was an Initiate of Dithmenos.
             Demolished by a slime creature (16 damage)
             ... in the Dungeon (Sprint I: "Red Sonja").
             The game lasted 00:01:22 (429 turns).

poirepourri the Covert (Spriggan Enchanter)          Turns: 429, Time: 00:01:23

Health: -14/28     AC:  3    Str:  4    XL:     6   Next: 67%
Magic:  13/17      EV: 24    Int: 17    God:    Dithmenos [......]
Gold:   215        SH:  0    Dex: 18    Spells: 2 memorised, 16 levels left

rFire  . . .     SeeInvis +     a - +2 dagger
rCold  . . .     Gourm    .     b - +1 robe
rNeg   . . .     Faith    .     (shield restricted)
rPois  .         Spirit   .     (helmet restricted)
rElec  .         Dismiss  .     (no cloak)
rCorr  .         Reflect  .     (gloves unavailable)
MR     +....     Harm     .     (boots unavailable)
Stlth  ++++++.... NoTele   +    (no amulet)
                                (no ring)
                                (no ring)

@: very quick
A: unfitting armour, see invisible, herbivore 3, speed 3, slow metabolism 2
a: Renounce Religion


You were in the Dungeon.
You worshipped Dithmenos.
Dithmenos was noncommittal.
You were not hungry.

You visited 1 branch You collected 297 gold pieces.
You spent 82 gold pieces at shops.

Inventory:

Hand Weapons
 a - a +2 dagger (weapon)
Armour
 b - a +1 robe (worn)
Rods
 i - a +1 iron rod (11/11)
   (You found it in the Dungeon)
Scrolls
 j - a scroll of blinking
Potions
 e - a potion of curing
 g - a potion of haste
 h - 2 potions of magic
 k - a potion of lignification {unknown}
Books
 c - a book of Maledictions

   Spells                             Type                      Level
   a - Corona                         Hexes                        1
   b - Ensorcelled Hibernation        Hexes/Ice                    2
   c - Confuse                        Hexes                        3
   d - Tukima's Dance                 Hexes                        3
   e - Dazzling Spray                 Conjuration/Hexes            3
Comestibles
 d - a bread ration


   Skills:
 + Level 1.9 Short Blades
 + Level 7.7 Dodging
 + Level 13.0 Stealth
 + Level 7.2 Spellcasting
 + Level 11.2 Hexes


You had 16 spell levels left.
You knew the following spells:

 Your Spells              Type           Power        Failure   Level  Hunger
a - Corona                Hex            #####..      1%          1    None
b - Ensorcelled Hibernat  Hex/Ice        ####..       1%          2    None


Dungeon Overview and Level Annotations

Branches:
Dungeon (1/1)

Altars:
Cheibriados
Dithmenos
Elyvilon
Fedhas
Gozag
Hepliaklqana
Kikubaaqudgha
Makhleb
Nemelex Xobeh
Okawaru
Qazlal
Ru
Sif Muna
Trog
Uskayaw
Vehumet
Xom
Yredelemnul
Zin
The Shining One
Jiyva
Lugonu

Shops:
D *


Innate Abilities, Weirdness & Mutations

You are tiny and cannot use many weapons and most armour.
You have supernaturally acute eyesight. (SInv)
You are a herbivore.
You cover ground extremely quickly.
You need consume almost no food.


Message History

The slime creature is outlined in light.
You hit the slime creature.
The slime creature is heavily wounded.
The slime creature barely misses you.
You hit the slime creature but do no damage.
The slime creature is heavily wounded.
The slime creature hits you!
Ouch! That really hurt!
You hit the slime creature.
The slime creature is heavily wounded.
The slime creature hits you!
* * * LOW HITPOINT WARNING * * *
You hit the slime creature.
The slime creature is severely wounded.
The slime creature completely misses you.
You hit the slime creature.
The slime creature is severely wounded.
The slime creature hits you!
Ouch! That really hurt!
You die...

###################
#<.#..'..#.)'..#__#
#..)..#.)'..#..'..+
#..#####'#####'#__#
#..####..#...#[####
#.J#__####..##.#
#.@#_____##'#..+
#⌠⌠#_.∩..†'..._#
####_..__##_.#'#
#_____###+#.#
####### ###


You could see a slime creature.

Vanquished Creatures
  Sigmund (D)
  A yak (D)
  An ogre (D)
  A jelly (D)
  Ijyb (D)
5 creatures vanquished.

Notes
Turn   | Place    | Note
-------+----------+-------------------------------------------
     0 | D        | poirepourri the Spriggan Enchanter began the quest for the Orb.
     0 | D        | Reached XP level 1. HP: 9/9 MP: 5/5
     9 | D        | Noticed Ijyb
    20 | D        | Killed Ijyb
    20 | D        | Reached skill level 6 in Stealth
    20 | D        | Reached skill level 5 in Hexes
    20 | D        | Reached XP level 2. HP: 6/13 MP: 4/7
   221 | D        | Learned a level 2 spell: Ensorcelled Hibernation
   228 | D        | Noticed an ogre
   233 | D        | Killed an ogre
   233 | D        | Reached skill level 5 in Dodging
   233 | D        | Reached skill level 8 in Stealth
   233 | D        | Reached skill level 5 in Spellcasting
   233 | D        | Reached XP level 3. HP: 16/16 MP: 5/10
   233 | D        | Reached XP level 4. HP: 21/21 MP: 6/12
   289 | D        | Noticed Sigmund
   292 | D        | Killed Sigmund
   292 | D        | Reached skill level 11 in Stealth
   292 | D        | Reached XP level 5. HP: 24/24 MP: 12/14
   292 | D        | Reached XP level 6. HP: 28/28 MP: 13/16
   325 | D        | Found a deep blue altar of Sif Muna.
   327 | D        | Found a radiant altar of Vehumet.
   331 | D        | Reached skill level 10 in Hexes
   362 | D        | Found Furamuiv's General Store.
   362 | D        | Found an ancient bone altar of Kikubaaqudgha.
   362 | D        | Found a hazy altar of Hepliaklqana.
   362 | D        | Found a stormy altar of Qazlal.
   362 | D        | Found a hide-covered altar of Uskayaw.
   362 | D        | Found a blossoming altar of Fedhas.
   362 | D        | Found a bloodstained altar of Trog.
   362 | D        | Found an iron altar of Okawaru.
   362 | D        | Found a basalt altar of Yredelemnul.
   362 | D        | Found a glowing golden altar of the Shining One.
   362 | D        | Found a snail-covered altar of Cheibriados.
   362 | D        | Found a sacrificial altar of Ru.
   362 | D        | Found a glowing silver altar of Zin.
   362 | D        | Found a shadowy altar of Dithmenos.
   362 | D        | Found a white marble altar of Elyvilon.
   362 | D        | Noticed a yak
   363 | D        | Found an opulent altar of Gozag.
   364 | D        | Killed a yak
   364 | D        | Reached skill level 13 in Stealth
   365 | D        | Found a sparkling altar of Nemelex Xobeh.
   373 | D        | Became a worshipper of Dithmenos the Shadowed
   378 | D        | Bought a scroll of enchant weapon for 82 gold pieces
   392 | D        | Found a burning altar of Makhleb.
   392 | D        | Found a viscous altar of Jiyva.
   392 | D        | Found a shimmering altar of Xom.
   392 | D        | Found a corrupted altar of Lugonu.
   392 | D        | Noticed a slime creature
   429 | D        | Demolished by a slime creature

Vault maps used:
D:        dungeon_sprint_1

Skill      XL: |  1  2  3  4  5  6 |
---------------+-------------------+-----
Dodging        | 4 5 7 |  7.7
Stealth        | 6 8 11 13 | 13.0
Spellcasting   | 3 5 6 7 |  7.2
Hexes          | 5 7 9 11 | 11.2
Short Blades   | |  1.9

Action                   |  1- 3 |  4- 6 || total
-------------------------+-------+-------++-------
Melee: Dagger            |     7 |    10 ||    17
 Cast: Ensorcelled Hiber |     1 |     3 ||     4
       Corona            |       |     3 ||     3
  Use: Potion            |     1 |     1 ||     2
       Scroll            |       |     1 ||     1
 Stab: Sleeping          |     3 |     4 ||     7
Dodge: Dodged            |     3 |     3 ||     6
